AoeStats
← Podocytoma

Black Forest

510504350Analyzed
4v4 RM · 18h ago on Oct 1, 2026· 77m 26s· 8 players
Game mode
Random Map
Map size
Large (8 player)
Population
200
Speed
Normal
Resources
Standard
Victory
Conquest
Starting age
Dark Age
Ending age
Imperial Age
RankedLock teamsTeams togetherTeam positionsShared explorationLock speedFull tech treeHidden civsTurbo modeCheats
Victory
Defeat
🇦🇺 Spanish · Australia
940
+20
🇦🇺 Khmer · Australia
926
+10
🇦🇺 Varangians · Australia
872
+12
🇦🇺 Huns · Australia
854
+12
🇷🇺 Malay · Russia
873
-27
🇩🇰 Celts · Denmark
806
-12
🇬🇧 Romans · United Kingdom
737
-9
698
-8
Podocytoma
1:44 Loom
13:01 Feudal Age
17:30 Castle Age
15:50 Double-Bit Axe
24:32 Bow Saw
28:48 Wheelbarrow
29:14 Stone Mining
29:16 Gold Mining
36:56 Imperial Age
34:44 Hand Cart
35:22 Ballistics
35:14 Fortified Wall
38:42 Chemistry
37:57 Ballistas
38:36 Horse Collar
39:23 Block Printing
39:20 Fervor
39:15 Caravan
40:10 Onager
42:45 Bloodlines
42:35 Husbandry
41:55 Cavalier
42:11 Heavy Scorpion
43:03 Siege Engineers
42:44 Pikeman
43:25 Squires
44:16 Halberdier
45:24 Conscription
45:28 Comitatenses
47:18 Forging
47:09 Scale Mail Armor
47:15 Scale Barding Armor
47:01 Fletching
47:11 Padded Archer Armor
47:10 Murder Holes
47:28 Masonry
All Along the Watchtower
0:29 Loom
16:20 Feudal Age
17:35 Wheelbarrow
16:49 Double-Bit Axe
19:31 Horse Collar
19:43 Gold Mining
22:25 Stone Mining
28:25 Castle Age
29:20 Hand Cart
29:18 Bow Saw
29:10 Heavy Plow
29:49 Gold Shaft Mining
30:07 Stone Shaft Mining
32:29 Caravan
40:58 Imperial Age
39:17 Pikeman
41:09 Squires
40:54 Arson
42:09 Halberdier
45:10 Forging
45:00 Scale Mail Armor
53:48 Chain Mail Armor
Spumae
12:33 Feudal Age
16:32 Castle Age
14:58 Double-Bit Axe
18:21 Bow Saw
19:56 Horse Collar
21:42 Heavy Plow
22:34 Wheelbarrow
23:30 Hand Cart
26:45 Gold Mining
30:11 Forging
32:39 Imperial Age
31:16 Squires
30:39 Man-at-Arms
32:03 Iron Casting
31:40 Long Swordsman
33:25 Blast Furnace
32:49 Forced Levy
33:10 Conscription
32:37 Two-Handed Swordsman
35:22 Crop Rotation
36:18 Pikeman
37:50 Ballistics
37:04 Halberdier
37:47 Town Watch
38:21 Siege Engineers
40:03 Gold Shaft Mining
49:41 Elite Battle Elephant
53:31 Town Patrol
54:47 Chemistry
Like_2_win2
0:32 Loom
11:22 Feudal Age
12:46 Wheelbarrow
18:17 Castle Age
17:16 Stone Mining
18:10 Double-Bit Axe
18:14 Horse Collar
20:07 Hand Cart
22:40 Bow Saw
23:12 Heavy Plow
25:55 Gold Mining
26:57 Stone Shaft Mining
28:10 Caravan
29:15 Gold Shaft Mining
33:34 Imperial Age
35:05 Forging
34:56 Scale Mail Armor
34:34 Onager
35:48 Furor Celtica
36:32 Iron Casting
35:56 Murder Holes
36:15 Town Watch
38:17 Blast Furnace
38:40 Padded Archer Armor
39:03 Siege Engineers
41:07 Leather Archer Armor
41:08 Heavy Scorpion
42:49 Stronghold
46:30 Hoardings
47:10 Chemistry
46:21 Masonry
46:32 Chain Mail Armor
48:08 Siege Onager
50:51 Ring Archer Armor
51:01 Conscription
52:14 Elite Woad Raider
59:02 Gambesons
63:07 Town Patrol
63:08 Pikeman
68:03 Plate Mail Armor
69:30 Halberdier
70:11 Arson
70:23 Fletching
Friedrice4eva
12:58 Feudal Age
13:48 Double-Bit Axe
13:46 Horse Collar
18:32 Castle Age
21:08 Bow Saw
21:02 Heavy Plow
23:32 Stone Mining
23:36 Gold Mining
25:29 Ballistics
25:56 Stone Shaft Mining
26:59 Caravan
28:19 Wheelbarrow
27:34 Town Watch
28:14 Murder Holes
29:53 Town Patrol
35:42 Imperial Age
33:31 Hand Cart
34:52 Scale Mail Armor
34:53 Padded Archer Armor
34:44 Fletching
35:04 Forging
35:00 Scale Barding Armor
38:05 Conscription
38:25 Iron Casting
38:06 Chain Mail Armor
37:15 Pikeman
37:42 Gambesons
39:21 Chemistry
39:09 Coinage
40:47 Hoardings
46:07 Halberdier
Phở
12:16 Feudal Age
20:19 Castle Age
26:32 Double-Bit Axe
29:44 Wheelbarrow
29:04 Gold Mining
29:04 Stone Mining
31:05 Bow Saw
30:46 Horse Collar
31:47 Marauders
33:28 Gold Shaft Mining
33:27 Forging
34:52 Hand Cart
35:43 Bloodlines
35:34 Husbandry
39:01 Imperial Age
37:08 Scale Barding Armor
37:38 Iron Casting
39:05 Elite Tarkan
40:06 Conscription
40:54 Chain Barding Armor
41:39 Blast Furnace
71:07 Plate Barding Armor
TornadoTittyTwister
2:02 Loom
12:32 Feudal Age
16:31 Castle Age
16:13 Double-Bit Axe
16:09 Horse Collar
18:09 Bow Saw
23:01 Wheelbarrow
24:53 Gold Mining
25:38 Hand Cart
27:01 Heavy Plow
28:02 Gold Shaft Mining
32:10 Imperial Age
30:19 Stone Mining
31:02 Bloodlines
30:53 Husbandry
33:04 Double Crossbow
33:25 Conscription
33:05 Tusk Swords
32:58 Elite Battle Elephant
33:52 Scale Barding Armor
34:08 Forging
35:48 Iron Casting
35:33 Chain Barding Armor
36:16 Crop Rotation
37:53 Heavy Scorpion
60:42 Devotion
76:04 Spies/Treason
78:44 Blast Furnace
78:19 Plate Barding Armor
ShadowVY
10:34 Feudal Age
17:30 Castle Age
16:20 Double-Bit Axe
16:17 Horse Collar
20:15 Bow Saw
24:40 Heavy Plow
25:14 Gold Mining
28:09 Wheelbarrow
28:15 Stone Mining
32:59 Imperial Age
31:14 Scale Barding Armor
31:30 Hand Cart
32:11 Stone Shaft Mining
31:43 Scale Mail Armor
34:02 Chain Barding Armor
35:21 Two-Man Saw
34:52 Crop Rotation
34:49 Chain Mail Armor
34:37 Squires
34:09 Pikeman
38:17 Plate Barding Armor
37:52 Husbandry
38:05 Bloodlines
39:00 Caravan
38:41 Elite Jarl
43:06 Onager
48:25 Conscription
47:28 Vendel Legacy
51:48 Forging
52:09 Plate Mail Armor
56:28 Elite Varangian Guard
58:35 Iron Casting
61:43 Blast Furnace
71:55 Ballistics
72:36 Chemistry
Connection lost

Rejoining the realm…

Still unreachable

The connection could not be restored.

Session expired

The server has moved on; the page needs a fresh start.